 Dungeon Crawl Stone Soup version 0.22-a0-38-gc6ec8ce517 (webtiles) character file.

7758 Kaname the Destroyer (level 11, 33/68 HPs)
             Began as a Demonspawn Wizard on Jan 4, 2018.
             Was a Priest of Vehumet.
             Quit the game on level 10 of the Dungeon.
             The game lasted 00:47:01 (9626 turns).

Kaname the Destroyer (Demonspawn Wizard)            Turns: 9626, Time: 00:47:02

Health: 33/68      AC:  7    Str:  8    XL:     11   Next: 1%
Magic:  13/26      EV: 12    Int: 23    God:    Vehumet [***...]
Gold:   605        SH:  5    Dex: 18    Spells: 3/18 levels left

rFire    . . .     SeeInvis .   D - +11 flail "Cagrang" {elec, *Noise *Drain Dex+7}
rCold    + . .     Gourm    .   C - +0 buckler
rNeg     . . .     Faith    .   a - +0 robe
rPois    .         Spirit   +   (helmet restricted)
rElec    .         Reflect  .   u - +0 cloak
rCorr    .         Harm     .   s - +0 pair of gloves
MR       .....                  p - +0 pair of boots
Stlth    ++........             (no amulet)
HPRegen  0.21/turn              J - ring of flight
MPRegen  0.40/turn              q - ring of magical power

@: no status effects
A: antennae 1, icy blue scales 1, cold resistance 1, magic shield, magic
regeneration
a: Renounce Religion, Evoke Flight


You were on level 10 of the Dungeon.
You worshipped Vehumet.
Vehumet was most pleased with you.
You were near starving.

You visited 2 branches of the dungeon, and saw 11 of its levels.

You collected 605 gold pieces.

Inventory:

Hand Weapons
 D - the +11 flail "Cagrang" (weapon) {elec, *Noise *Drain Dex+7}
   (You took it off a centaur on level 7 of the Dungeon)

   Occasionally, upon striking a foe, it will discharge some electrical energy
   and cause terrible harm.
   It affects your dexterity (+7).
   It may make noises in combat.
   It causes draining when unequipped.
Missiles
 n - 5 javelins of returning (quivered)
 r - 199 arrows
Armour
 a - a +0 robe (worn)
 p - a +0 pair of boots (worn)
 s - a +0 pair of gloves (worn)
 u - a +0 cloak (worn)
 C - a +0 buckler (worn)
Jewellery
 q - a ring of magical power (right hand)
 J - a ring of flight (left hand)
Wands
 c - a wand of flame (56)
 f - a wand of polymorph (12)
 x - a wand of iceblast (6)
 E - a wand of random effects (10)
Scrolls
 g - 3 scrolls of fear
 k - 4 scrolls of remove curse
 m - 3 scrolls of enchant weapon
 o - 6 scrolls of teleportation
 v - a scroll of amnesia
 w - a scroll of blinking {unknown}
 y - 2 scrolls of magic mapping
 H - a scroll of enchant armour {unknown}
Potions
 b - a potion of heal wounds {unknown}
 e - 2 potions of degeneration {unknown}
 h - 3 potions of curing
 i - 2 potions of invisibility {unknown}
 j - a potion of resistance {unknown}
 l - 2 potions of brilliance
 t - 3 potions of might
 z - a potion of ambrosia {unknown}
 A - 3 potions of mutation
 B - 3 potions of haste {unknown}
 F - a potion of cancellation {unknown}
 I - a potion of berserk rage {unknown}
Books
 G - a book of Changes

   Spells                             Type                      Level
   a - Beastly Appendage              Transmutation                1
   b - Sticks to Snakes               Transmutation                2
   c - Spider Form                    Transmutation/Poison         3
   d - Ice Form                       Ice/Transmutation            4
   e - Blade Hands                    Transmutation                5
Comestibles
 d - 20 rations


   Skills:
 - Level 1.7 Dodging
 - Level 1.7 Stealth
 - Level 4.0 Shields
 - Level 4.1 Spellcasting
 - Level 10.1 Conjurations
   Level 1.0 Summonings
 - Level 5.0 Necromancy
 - Level 1.0 Translocations
 - Level 5.2 Fire Magic
 - Level 4.0 Air Magic
 - Level 7.0 Earth Magic
 + Level 4.0 Poison Magic


You had 3 spell levels left.
You knew the following spells:

 Your Spells              Type           Power        Failure   Level  Hunger
a - Magic Dart            Conj           ####         1%          1    None
b - Blink                 Tloc           N/A          11%         2    #......
c - Mephitic Cloud        Conj/Pois/Air  ####....     1%          3    ##.....
d - Conjure Flame         Conj/Fire      #####...     1%          3    ##.....
e - Animate Skeleton      Necr           N/A          1%          1    None
f - Borgnjor's Vile Clut  Necr/Erth      ####......   24%         5    ######.


Dungeon Overview and Level Annotations

Branches:
Dungeon (10/15)            Temple (1/1) D:7             Orc (0/2) D:10
   Lair: D:8-11

Altars:
Ashenzari
Elyvilon
Kikubaaqudgha
Qazlal
Sif Muna
Trog
Uskayaw
Vehumet
Wu Jian
Zin
Beogh

Shops:
D:4 [

Annotations:
D:8 Gastronok


Innate Abilities, Weirdness & Mutations

You have a pair of small antennae on your head.
You are partially covered in icy blue scales. (AC +2)
Your flesh is cold resistant. (rC+)
When hurt, damage is shared between your health and your magic reserves.
You regenerate magic rapidly.


Message History

The big kobold is engulfed in noxious fumes.
The big kobold appears confused.
The big kobold barely misses something.
The ogre is engulfed in blazing flames.
You kill the ogre!
Vehumet accepts your kill.
You feel your power returning.
Your Poison Magic skill increases to level 4!
You have reached level 11!
Your demonic ancestry asserts itself...
Icy blue scales grow over part of your body.
The gnoll sergeant is engulfed in noxious fumes.
The gnoll sergeant appears confused.
The orc warrior is engulfed in noxious fumes.
The orc warrior appears confused.
The orc warrior barely misses the ogre.
The big kobold is engulfed in noxious fumes.
The big kobold appears confused.
The big kobold hits something but does no damage.
Unknown command.
Unknown command.
Are you sure you want to abandon this character and quit the game? (Confirm with "yes".)

........#
.....(...
........#
<.......#
.......<#
........##
.........#
#.#######.#
#.....@...#
#####ยง#####


8oK{ #oOg #..T #... #8.. #### You could see a troll, an orc warrior (confused),
a big kobold (confused), an ogre, a gnoll sergeant (confused) and an orc.

Vanquished Creatures
  3 two-headed ogres
  A cyclops (D:9)
  Sigmund (D:4)
  A spriggan (D:8)
  10 yaks (D:9)
  Menkaure (D:6)
  2 ice beasts (D:7)
  A sky beast (D:7)
  A black bear (D:8)
  5 orc warriors
  2 phantoms
  5 ogres
  A necrophage (D:8)
  4 centaurs
  2 big kobolds (D:10)
  3 bullfrogs
  2 gnoll sergeants (D:10)
  A water moccasin zombie (D:8)
  3 scorpions
  A howler monkey (D:5)
  2 electric eels (D:9)
  4 crimson imps
  3 jellies
  7 orc priests
  3 hounds
  Crazy Yiuf (D:2)
  4 orc wizards
  2 bullfrog skeletons
  An iguana (D:7)
  6 worker ants
  2 hound skeletons
  A worker ant zombie (D:7)
  5 gnolls
  6 adders
  2 shadow imps
  2 adder skeletons
  An adder zombie (D:9)
  4 worms (D:2)
  2 dart slugs
  10 leopard geckos
  40 orcs
  4 giant cockroaches
  7 hobgoblins
  3 jackals (D:8)
  2 quokkas
  2 ball pythons
  6 bats
  9 frilled lizards
  7 goblins
  9 kobolds
  2 leopard gecko zombies (D:5)
  A quokka skeleton (D:4)
  9 rats
219 creatures vanquished.

Vanquished Creatures (collateral kills)
  A worker ant (D:7)
  A gnoll (D:7)
  12 orcs (D:9)
14 creatures vanquished.

Grand Total: 233 creatures vanquished

Notes
Turn   | Place    | Note
-------+----------+-------------------------------------------
     0 | D:1      | Kaname the Demonspawn Wizard began the quest for the Orb.
     0 | D:1      | Reached XP level 1. HP: 13/13 MP: 4/4
    84 | D:1      | Found a shattered altar of Ashenzari.
   214 | D:1      | Reached skill level 2 in Conjurations
   262 | D:1      | Gained mutation: When hurt, damage is shared between your health and your magic reserves. [demonic ancestry]
   262 | D:1      | Reached XP level 2. HP: 18/19 MP: 0/6
   288 | D:2      | Found a hide-covered altar of Uskayaw.
   288 | D:2      | Noticed a hand axe
   288 | D:2      | Noticed a dagger
   305 | D:2      | Found a bloodstained altar of Trog.
   344 | D:2      | Learned a level 2 spell: Blink
   604 | D:1      | Reached skill level 3 in Conjurations
   613 | D:1      | Reached XP level 3. HP: 15/24 MP: 3/7
   614 | D:1      | Reached skill level 1 in Translocations
   619 | D:1      | Learned a level 3 spell: Mephitic Cloud
  1052 | D:1      | Reached skill level 1 in Poison Magic
  1053 | D:1      | Found a shattered altar of Ashenzari.
  1677 | D:2      | Reached skill level 4 in Conjurations
  1677 | D:2      | Gained mutation: You regenerate magic rapidly. [demonic ancestry]
  1677 | D:2      | Reached XP level 4. HP: 9/30 MP: 0/8
  1808 | D:2      | Learned a level 3 spell: Conjure Flame
  1868 | D:2      | Reached XP level 5. HP: 35/35 MP: 4/9
  2068 | D:2      | Learned a level 1 spell: Animate Skeleton
  2073 | D:2      | Reached skill level 5 in Conjurations
  2103 | D:2      | Found a runed door.
  2107 | D:2      | Noticed Crazy Yiuf
  2120 | D:2      | Killed Crazy Yiuf
  2263 | D:3      | Found a stormy altar of Qazlal.
  2398 | D:3      | Reached XP level 6. HP: 41/41 MP: 7/10
  2516 | D:3      | Reached skill level 6 in Conjurations
  3475 | D:4      | Noticed Sigmund
  3502 | D:4      | Killed Sigmund
  3502 | D:4      | Reached skill level 1 in Air Magic
  3502 | D:4      | Gained mutation: You have a pair of small antennae on your head. [demonic ancestry]
  3502 | D:4      | Reached XP level 7. HP: 15/46 MP: 2/13
  3556 | D:4      | Found Dinitzau's Armour Shoppe.
  3651 | D:4      | HP: 2/46 [ogre/giant club (22)]
  4385 | D:4      | Reached skill level 7 in Conjurations
  4644 | D:5      | Entered Level 5 of the Dungeon
  4856 | D:5      | Reached skill level 8 in Conjurations
  4856 | D:5      | Reached XP level 8. HP: 37/52 MP: 13/14
  5234 | D:6      | Reached skill level 1 in Necromancy
  5246 | D:6      | Learned a level 5 spell: Borgnjor's Vile Clutch
  5356 | D:6      | Reached skill level 1 in Shields
  5594 | D:6      | Reached skill level 1 in Earth Magic
  5870 | D:6      | Noticed Menkaure
  5877 | D:6      | Killed Menkaure
  6182 | D:7      | Found a staircase to the Ecumenical Temple.
  6230 | Temple   | Entered the Ecumenical Temple
  6240 | Temple   | Became a worshipper of Vehumet
  6446 | D:7      | Gained mutation: Your flesh is cold resistant. (rC+) [demonic ancestry]
  6446 | D:7      | Reached XP level 9. HP: 46/57 MP: 15/15
  6613 | D:7      | Got an uncursed encrusted flail {elec}
  6615 | D:7      | Identified the +11 flail "Cagrang" {elec, *Noise *Drain Dex+7} (You took it off a centaur on level 7 of the Dungeon)
  6718 | D:7      | Reached skill level 5 in Earth Magic
  6738 | D:7      | Found a deep blue altar of Sif Muna.
  6744 | D:7      | Found an ancient bone altar of Kikubaaqudgha.
  6969 | D:8      | Reached * piety under Vehumet
  6969 | D:8      | Offered knowledge of Freeze by Vehumet.
  7070 | D:8      | Noticed a two-headed ogre
  7149 | D:8      | Killed a two-headed ogre
  7149 | D:8      | Reached skill level 9 in Conjurations
  7387 | D:8      | Noticed Gastronok
  7527 | D:8      | Reached skill level 10 in Conjurations
  7623 | D:8      | Found a glowing silver altar of Zin.
  7797 | D:9      | Reached XP level 10. HP: 60/63 MP: 15/16
  7806 | D:9      | Reached skill level 5 in Necromancy
  7918 | D:9      | Found a roughly hewn altar of Beogh.
  7927 | D:9      | Reached ** piety under Vehumet
  7940 | D:9      | Offered knowledge of Sting by Vehumet.
  8097 | D:9      | Noticed a two-headed ogre
  8137 | D:9      | Killed a two-headed ogre
  8149 | D:9      | Noticed a two-headed ogre
  8177 | D:9      | Killed a two-headed ogre
  8384 | D:9      | Noticed a cyclops
  9040 | D:9      | Killed a cyclops
  9066 | D:9      | Offered knowledge of Dazzling Spray by Vehumet.
  9066 | D:9      | Reached skill level 5 in Fire Magic
  9219 | D:9      | Found an ornate altar of the Wu Jian Council.
  9605 | D:10     | Entered Level 10 of the Dungeon
  9612 | D:10     | Found a staircase to the Orcish Mines.
  9623 | D:10     | Reached *** piety under Vehumet
  9625 | D:10     | Gained mutation: You are partially covered in icy blue scales. (AC +2) [demonic ancestry]
  9625 | D:10     | Reached XP level 11. HP: 33/68 MP: 13/17
  9626 | D:10     | Quit the game

Vault maps used:
D:1:      roderic_crop_circles_arrival_small, st_stairs_14, minivault_19,
          ashenzari_altar_1
D:2:      cheibrodos_helix_gallery, lemuel_coloured_pillars_altar,
          dancing_weapons_uskayaw, first_ration, uniq_crazy_yiuf_cottage
D:3:      nicolae_qazlal_general_emergency
D:4:      serial_shops, nicolae_shop_waterfront, uniq_sigmund
D:6:      serial_bayou_pond_a, roderic_lattice_a, uniq_menkaure
D:7:      nicolae_overflow_hidden_temple, temple_statues
D:8:      zin_treasury, the_bakery, lightli_orcish_oven, uniq_gastronok
D:9:      nicolae_overflow_crystal_walls, special_room,
          kennysheep_generic_room_10
D:10:     lair_entry_dummy, kennysheep_orc_monster_closet_entryway
Temple:   regret_index_temple_sphere_string

Skill      XL: |  1  2  3  4  5  6  7  8  9 10 |
---------------+-------------------------------+-----
Conjurations   | 2 3 4 5 6 8 10 | 10.1
Translocations | 1 |  1.0
Poison Magic   | 1 2 4 |  4.0
Spellcasting   | 4 |  4.1
Air Magic      | 1 2 4 |  4.0
Necromancy     | 3 4 5 |  5.0
Shields        | 3 4 |  4.0
Earth Magic    | 4 6 7 |  7.0
Fire Magic     | 5 |  5.2
Dodging        | |  1.7
Stealth        | |  1.7
Summonings     | |  1.0

Action                   |  1- 3 |  4- 6 |  7- 9 | 10-12 || total
-------------------------+-------+-------+-------+-------++-------
Melee: Unarmed           |    13 |       |       |       ||    13
       Halberd           |    25 |    16 |       |       ||    41
       Quarterstaff      |       |    37 |       |       ||    37
       Dagger            |       |    24 |   116 |       ||   140
       Flail             |       |       |    50 |    69 ||   119
 Cast: Magic Dart        |    68 |    86 |   241 |    77 ||   472
       Mephitic Cloud    |       |     5 |    15 |     6 ||    26
       Animate Skeleton  |       |       |     9 |    19 ||    28
       Conjure Flame     |       |       |     5 |    13 ||    18
       Blink             |       |       |       |     5 ||     5
       Borgnjor's Vile C |       |       |       |     1 ||     1
Evoke: Wand              |       |     1 |     6 |    13 ||    20
  Use: Scroll            |     1 |       |     8 |     2 ||    11
       Potion            |       |     1 |       |     2 ||     3
 Stab: Sleeping          |     2 |     4 |     8 |       ||    14
       Confused          |       |     1 |     1 |     2 ||     4
  Eat: Chunk             |     1 |     4 |    15 |     2 ||    22
       Ration            |       |     1 |       |     1 ||     2
Armor: Robe              |     5 |    15 |    33 |     9 ||    62
Dodge: Dodged            |    33 |    42 |   100 |    47 ||   222
Block: Buckler           |       |       |    32 |    17 ||    49

Table legend:
 A = Spawn XP
 B = Non-spawn XP
 C = Spawn XP percentage of total XP
 D = Spawn monster count
 E = Non-spawn monster count
 F = Spawn count percentage of total count
 G = Total turns spent on level
                    A         B        C        D         E        F      G
               +---------+---------+-------+---------+---------+-------+---------
         Total |       0 |   11083 |   0.0 |       0 |     233 |   0.0 |  9626
               +---------+---------+-------+---------+---------+-------+---------
           D:1 |       0 |      51 |   0.0 |       0 |      16 |   0.0 |  1142
           D:2 |       0 |     262 |   0.0 |       0 |      30 |   0.0 |  1065
           D:3 |       0 |     157 |   0.0 |       0 |      30 |   0.0 |  1154
           D:4 |       0 |     589 |   0.0 |       0 |      15 |   0.0 |  1334
           D:5 |       0 |     470 |   0.0 |       0 |      16 |   0.0 |   529
           D:6 |       0 |     919 |   0.0 |       0 |      22 |   0.0 |   958
           D:7 |       0 |     882 |   0.0 |       0 |      18 |   0.0 |   637
           D:8 |       0 |    2107 |   0.0 |       0 |      28 |   0.0 |   985
           D:9 |       0 |    4763 |   0.0 |       0 |      50 |   0.0 |  1780
          D:10 |       0 |     883 |   0.0 |       0 |       8 |   0.0 |    21
               +---------+---------+-------+---------+---------+-------+---------
